 Dungeon Crawl Stone Soup version 0.27.1-2-g3b301248ec (webtiles) character file.

Game seed: 13908823468413906632

132 Rickety the Stinger (level 5, -11/37 HPs)
             Began as a Gnoll Venom Mage on Sept 23, 2021.
             Killed by divine providence
             ... invoked by an orc priest
              (16 damage)
             ... on level 4 of the Dungeon.
             The game lasted 00:07:21 (3891 turns).

Rickety the Stinger (Gnoll Venom Mage)              Turns: 3891, Time: 00:07:21

Health: -11/37     AC:  3    Str: 14    XL:     5   Next: 15%
Magic:  1/12       EV: 13    Int: 15    God:
Gold:   181        SH:  0    Dex: 12    Spells: 5/14 levels left

rFire    . . .     SeeInvis +   b - +0 rapier
rCold    . . .     Faith    .   (no shield)
rNeg     . . .     Spirit   .   i - +0 robe
rPois    .         Reflect  .   j - +0 helmet
rElec    .         Harm     .   (no cloak)
rCorr    .         Rampage  .   (no gloves)
Will     .....                  (no boots)
Stlth    +++.......             (no amulet)
HPRegen  0.12/turn              e - +6 ring of strength
MPRegen  0.13/turn              k - ring of see invisible

@: very slightly contaminated
A: fangs 1, strong nose, distributed training
a: no special abilities


You were on level 4 of the Dungeon.
You visited 1 branch of the dungeon, and saw 4 of its levels.

You collected 181 gold pieces.

Inventory:

Hand Weapons
 a - a +0 dagger
 b - a +0 rapier (weapon)
Armour
 i - a +0 robe (worn)
 j - a +0 helmet (worn)
Magical Staves
 f - a staff of fire
Jewellery
 e - a +6 ring of strength (left hand)
 k - a ring of see invisible (right hand)
Scrolls
 c - 3 scrolls of enchant armour {unknown}
 d - a scroll of immolation {unknown}
 g - 3 scrolls of amnesia {unknown}
 h - 3 scrolls of identify {unknown}
 n - 2 scrolls of noise {unknown}
 r - a scroll of enchant weapon {unknown}
Potions
 l - a potion of haste {unknown}
 m - a potion of curing {unknown}
 o - 2 potions of mutation {unknown}
 p - 2 potions of might {unknown}
 q - a potion of brilliance {unknown}


   Skills:
 + Level 1.4 Fighting
 + Level 1.4 Short Blades
 + Level 1.4 Long Blades
 + Level 1.4 Axes
 + Level 1.4 Maces & Flails
 + Level 1.4 Polearms
 + Level 1.4 Staves
 + Level 1.4 Slings
 + Level 1.4 Bows
 + Level 1.4 Crossbows
 + Level 1.4 Throwing
 + Level 1.4 Armour
 + Level 4.7 Dodging
 + Level 4.3 Stealth
 + Level 1.4 Shields
 + Level 1.4 Unarmed Combat
 + Level 5.1 Spellcasting
 + Level 1.1 Conjurations
 + Level 1.1 Hexes
 + Level 1.1 Summonings
 + Level 1.1 Necromancy
 + Level 1.1 Translocations
 + Level 2.3 Transmutations
 + Level 1.1 Fire Magic
 + Level 1.1 Ice Magic
 + Level 1.1 Air Magic
 + Level 1.1 Earth Magic
 + Level 5.5 Poison Magic
 + Level 1.5 Invocations
 + Level 1.4 Evocations


You had 5 spell levels left.
You knew the following spells:

 Your Spells              Type           Power      Damage    Failure   Level
a - Sting                 Tmut/Pois      60%        1d6       3%          1
g - Summon Guardian Gole  Hex/Summ       7%         N/A       30%         3
m - Mephitic Cloud        Conj/Pois/Air  11%        N/A       17%         3
v - Poisonous Vapours     Pois/Air       26%        N/A       6%          2

Your spell library contained the following spells:

 Spells                   Type           Power      Damage    Failure   Level
 Summon Small Mammal      Summ           28%        N/A       10%         1
 Sublimation of Blood     Necr           3%         N/A       16%         2
 Olgreb's Toxic Radiance  Pois           20%        N/A       16%         4
 Call Canine Familiar     Summ           7%         N/A       30%         3
 Petrify                  Tmut/Erth      9%         N/A       61%         4
 Irradiate                Conj/Tmut      4%         3d15      91%         5


Dungeon Overview and Level Annotations

Branches:
Dungeon (4/15)
 Temple: D:4-7

Altars:
Uskayaw


Innate Abilities, Weirdness & Mutations

You have very sharp teeth.
Your uncanny sense of smell can sniff out nearby items.
Your experience applies equally to all skills.


Message History

The orc priest invokes the aid of Beogh against you.
Beogh smites you!
Casting: Poisonous Vapours (safe; 6% risk of failure)
Confirm with . or Enter, or press ? or * to list all spells.
Aiming: Poisonous Vapours (safe; 6% risk of failure)
Press: ? - help, Dir - move target, f/p - orc priest
Aim: an orc priest, wielding a +1 whip of electrocution and wearing a +0 leather armour (lightly wounded, poisoned) Poisonous vapours surround the orc priest!
The orc priest looks even sicker.
An orc wizard comes into view. It is wielding a +0 dagger.
The orc closely misses you.
An endoplasm comes into view.
The orc barely misses you.
Casting: Poisonous Vapours (safe; 6% risk of failure)
Confirm with . or Enter, or press ? or * to list all spells.
The spell is quite dangerous to cast (17% risk of failure)!
Continue anyway?
Uppercase [Y]es or [N]o only, please.
The spell is quite dangerous to cast (17% risk of failure)!
Continue anyway?
Aiming: Mephitic Cloud (quite dangerous; 17% risk of failure)
Press: ? - help, Shift-Dir - straight line, p - orc priest You miscast Mephitic Cloud.
You are very lightly contaminated with residual magic.
Nothing appears to happen.
The orc looks more healthy.
The orc closely misses you.
Unknown command.
Casting: Mephitic Cloud (quite dangerous; 17% risk of failure)
Confirm with . or Enter, or press ? or * to list all spells.
The spell is quite dangerous to cast (17% risk of failure)!
Continue anyway?
Aiming: Mephitic Cloud (quite dangerous; 17% risk of failure)
Press: ? - help, Shift-Dir - straight line, f - orc priest
Aim: an orc priest, wielding a +1 whip of electrocution and wearing a +0 leather armour (moderately wounded, very poisoned, chance to affect: 86%)
You miscast Mephitic Cloud.
The wind whips around you!
Unknown command.
The orc priest invokes the aid of Beogh against you.
Beogh smites you!
* * * LOW HITPOINT WARNING * * *
The orc wizard shouts!
The orc priest invokes the aid of Beogh against you.
Beogh smites you!
You die...

#...#.# #.# #.# #.#
#∆#.#.#.###.# #.# #.#
.#.#.#.#...#.###.# #.#
....<...........>###'####
...##..#.#.#............#
.. #+##.###............#
. #........).......#
+(###............########
### ##...@.......'.......
+...........########
#...o.......####
#..............#
###..####......#
o....o.o# #......#
#######J# ######## #.#
#.#


You could see an orc priest (poisoned), an orc wizard, an orc and an endoplasm.

Vanquished Creatures
  A scorpion (D:3)
  2 adders (D:2)
  An adder skeleton (D:4)
  A dart slug (D:3)
  An orc (D:3)
  10 bats
  4 endoplasms
  2 giant cockroaches
  6 goblins
  4 hobgoblins
  2 jackals (D:1)
  3 quokkas (D:2)
  6 ball pythons
  2 frilled lizards (D:1)
  2 kobolds
  2 rats (D:2)
49 creatures vanquished.

Notes
Turn   | Place    | Note
-------+----------+-------------------------------------------
     0 | D:1      | Rickety the Gnoll Venom Mage began the quest for the Orb.
     0 | D:1      | Reached XP level 1. HP: 13/13 MP: 6/6
   205 | D:1      | Reached XP level 2. HP: 16/19 MP: 5/7
   385 | D:1      | Learned a level 2 spell: Poisonous Vapours
   871 | D:1      | Reached XP level 3. HP: 24/25 MP: 1/9
  1085 | D:1      | Reached skill level 5 in Spellcasting
  1181 | D:1      | Learned a level 3 spell: Mephitic Cloud
  1387 | D:2      | Reached skill level 1 in Invocations
  2171 | D:2      | Reached skill level 1 in Fighting
  2171 | D:2      | Reached skill level 1 in Short Blades
  2171 | D:2      | Reached skill level 1 in Long Blades
  2171 | D:2      | Reached skill level 1 in Axes
  2171 | D:2      | Reached skill level 1 in Maces & Flails
  2171 | D:2      | Reached skill level 1 in Polearms
  2171 | D:2      | Reached skill level 1 in Staves
  2171 | D:2      | Reached skill level 1 in Slings
  2171 | D:2      | Reached skill level 1 in Bows
  2171 | D:2      | Reached skill level 1 in Crossbows
  2171 | D:2      | Reached skill level 1 in Throwing
  2171 | D:2      | Reached skill level 1 in Armour
  2171 | D:2      | Reached skill level 1 in Shields
  2171 | D:2      | Reached skill level 1 in Unarmed Combat
  2171 | D:2      | Reached skill level 1 in Evocations
  2437 | D:2      | Reached XP level 4. HP: 32/32 MP: 6/11
  2441 | D:2      | Learned a level 3 spell: Summon Guardian Golem
  2718 | D:3      | Found a faded altar of an unknown god.
  2724 | D:3      | Noticed a shining eye
  2724 | D:3      | Noticed a great orb of eyes
  2725 | D:3      | Noticed a great orb of eyes
  2725 | D:3      | Noticed a great orb of eyes
  2838 | D:3      | Noticed a scorpion
  2844 | D:3      | Killed a scorpion
  2845 | D:3      | Reached skill level 1 in Conjurations
  2845 | D:3      | Reached skill level 1 in Hexes
  2845 | D:3      | Reached skill level 1 in Summonings
  2845 | D:3      | Reached skill level 1 in Necromancy
  2845 | D:3      | Reached skill level 1 in Translocations
  2845 | D:3      | Reached skill level 1 in Fire Magic
  2845 | D:3      | Reached skill level 1 in Ice Magic
  2845 | D:3      | Reached skill level 1 in Air Magic
  2845 | D:3      | Reached skill level 1 in Earth Magic
  2845 | D:3      | Reached XP level 5. HP: 30/37 MP: 5/12
  3334 | D:3      | Found a hide-covered altar of Uskayaw.
  3891 | D:4      | Killed from afar by an orc priest

Illustrated notes

Levels and vault maps discovered:
D:1:      lightli_arrival_statue_moat, layout_loops_ring
D:2:      layout_basic
D:3:      layout_loops_ring, general_overflow_altar,
          hellmonk_ecumenical_altar_watching_god
D:4:      layout_basic, nemelex_dance_club_becter, serial_shops, shop,
          minmay_liquid_box, minmay_misc_feat_encased,
          amcnicky_mini_rare_corridor_liquid, uniq_grinder, uniq_sigmund

Skill      XL: |  1  2  3  4 |
---------------+-------------+-----
Transmutations | 2 |  2.3
Spellcasting   | 5 |  5.1
Invocations    | 1 |  1.5
Fighting       | 1 |  1.4
Short Blades   | 1 |  1.4
Long Blades    | 1 |  1.4
Axes           | 1 |  1.4
Maces & Flails | 1 |  1.4
Polearms       | 1 |  1.4
Staves         | 1 |  1.4
Slings         | 1 |  1.4
Bows           | 1 |  1.4
Crossbows      | 1 |  1.4
Throwing       | 1 |  1.4
Armour         | 1 |  1.4
Shields        | 1 |  1.4
Unarmed Combat | 1 |  1.4
Evocations     | 1 |  1.4
Conjurations   | 1 |  1.1
Hexes          | 1 |  1.1
Summonings     | 1 |  1.1
Necromancy     | 1 |  1.1
Translocations | 1 |  1.1
Fire Magic     | 1 |  1.1
Ice Magic      | 1 |  1.1
Air Magic      | 1 |  1.1
Earth Magic    | 1 |  1.1
Dodging        | |  4.7
Stealth        | |  4.3
Poison Magic   | |  5.5

Action                   |  1- 3 |  4- 6 || total
-------------------------+-------+-------++-------
Melee: Dagger            |     9 |     6 ||    15
       Rapier            |    11 |    17 ||    28
       Bite              |     1 |     3 ||     4
       Punch             |     1 |       ||     1
 Cast: Sting             |    53 |     9 ||    62
       Poisonous Vapours |    25 |    17 ||    42
Armor: Robe              |     1 |    11 ||    12
Dodge: Dodged            |    40 |    27 ||    67
